 Dungeon Crawl Stone Soup version 0.31-a0-831-g143b1e81fc (webtiles) character file.

Game seed: 6109036123332174310

1721 Armakuni the Basher (level 9, -8/63 HPs)
             Began as a Human Delver on Sept 24, 2023.
             Was an Initiate of the Shining One.
             Mangled by an orc warrior
             ... wielding a +0 halberd
              (12 damage)
             ... on level 7 of the Dungeon.
             The game lasted 00:17:03 (5136 turns).

Armakuni the Basher (Human Delver)                  Turns: 5136, Time: 00:17:04

Health: -8/63      AC:  6    Str: 23    XL:     9   Next: 24%
Magic:  9/9        EV: 16    Int: 11    God:    the Shining One [......]
Gold:   431        SH:  0    Dex: 14    Spells: 8/8 levels left

rFire   . . .        a - +0 flail (heavy)
rCold   . . .        (no shield)
rNeg    . . .        l - +0 ring mail
rPois   .            (no helmet)
rElec   .            (no cloak)
rCorr   .            (no gloves)
SInv    .            n - +0 pair of boots
Will    .....        (no amulet)
Stlth   +            V - ring of Paavoes {EV+5 Str+6}
HPRegen 0.30/turn    (no ring)
MPRegen 0.11/turn

%: no passive effects
@: glowing, studying Dodging
A: no striking features
a: Renounce Religion


You were on level 7 of the Dungeon.
You worshipped the Shining One.
The Shining One was noncommittal.
You visited 2 branches of the dungeon, and saw 8 of its levels.

You collected 431 gold pieces.

Inventory:

Hand Weapons
 a - a +0 heavy flail (weapon)
 b - a +0 mace of draining
Missiles
 m - a throwing net
Armour
 l - a +0 ring mail (worn)
 n - a +0 pair of boots (worn)
Magical Staves
 s - a staff of conjuration
 x - a staff of fire
Jewellery
 V - the ring of Paavoes (left hand) {EV+5 Str+6}
   (You found it on level 5 of the Dungeon)

   [ring of evasion]

   EV+5:      It affects your evasion (+5).
   Str+6:     It affects your strength (+6).
Talismans
 t - a granite talisman
Wands
 k - a wand of digging (3)
Scrolls
 c - 3 scrolls of fog
 d - 2 scrolls of revelation
 e - 3 scrolls of fear
 v - 2 scrolls of poison
Potions
 f - 2 potions of haste
 g - 2 potions of enlightenment
 i - 4 potions of brilliance
 j - 3 potions of curing
 o - a potion of magic {unknown}
 p - a potion of resistance {unknown}
 q - a potion of ambrosia {unknown}
 r - a potion of mutation {unknown}
 u - a potion of heal wounds {unknown}
 w - 2 potions of attraction {unknown}


   Skills:
 - Level 3.0 Fighting
 + Level 9.1(9.6) Maces & Flails
 - Level 4.3(7.2) Staves
 - Level 2.0 Dodging
 - Level 5.0 Stealth
 - Level 5.0 Evocations


You had 8 spell levels left.
You didn't know any spells.
Your spell library contained the following spells:

 Spells                   Type           Power      Damage    Failure   Level
 Dazzling Flash           Conj/Hex       0%         N/A       86%         3
 Summon Guardian Golem    Hex/Summ       0%         N/A       86%         3
 Agony                    Necr           0%         N/A       100%        5
 Silence                  Hex/Air        0%         N/A       100%        5
 Orb of Destruction       Conj           0%         9d5       100%        7
 Spellforged Servitor     Conj/Summ      0%         N/A       100%        7


Dungeon Overview and Level Annotations

Branches:
Dungeon (7/15)             Temple (1/1) D:6

Altars:
Ashenzari
Cheibriados
Dithmenos
Elyvilon
Fedhas
Gozag
Hepliaklqana
Kikubaaqudgha
Makhleb
Okawaru
Qazlal
Ru
Sif Muna
Trog
Uskayaw
Vehumet
Wu Jian
Xom
Yredelemnul
Zin
The Shining One

Shops:
D:2 (   D:6 [


Message History

Things that are here:
a +0 hand axe; an orc corpse You closely miss the orc warrior.
The orc warrior hits you with a +0 halberd!
You closely miss the orc warrior.
The orc warrior hits you with a +0 halberd!
The orc warrior barely misses you.
You hit the orc warrior.
The orc warrior is moderately wounded.
The orc warrior closely misses you.
You closely miss the orc warrior.
The orc warrior is moderately wounded.
The orc warrior closely misses you.
The orc warrior hits you with a +0 halberd!!
You are too injured to fight recklessly!
You are too injured to fight recklessly!
Okay, then.
You sock the orc warrior!
The orc warrior is almost dead.
The orc warrior completely misses you.
You completely miss the orc warrior.
The orc warrior is almost dead.
The orc warrior hits you with a +0 halberd!!
* * * LOW HITPOINT WARNING * * *
You hit the orc warrior.
The orc warrior is almost dead.
The orc warrior closely misses you.
The orc warrior hits you with a +0 halberd!
The Shining One protects you from harm!
You barely miss the orc warrior.
The orc warrior is almost dead.
The orc warrior hits you with a +0 halberd.
* * * LOW HITPOINT WARNING * * *
You hit the orc warrior.
The orc warrior is almost dead.
The orc warrior completely misses you. x2
You barely miss the orc warrior.
The orc warrior is almost dead.
The orc warrior hits you with a +0 halberd!
You die...

#.. # #.. .# #..
..# #.##.## ##
###..... ..
.....
#####.#####.####
.....oo@.......#
.####.##....##.#
# #.#####.# #.#
#.# #.# #.# ..#
#.# .## #.# .#
#.# #.###


You could see an orc warrior and an orc.

Vanquished Creatures
  A troll (D:6)
  Sigmund (D:2)
  A sky beast (D:6)
  An ice beast (D:5)
  2 black bears
  3 ogres
  2 phantoms
  3 scorpions
  A hound (D:4)
  2 jellies (D:4)
  A sleepcap (D:4)
  3 iguanas
  2 orc wizards
  3 gnolls
  4 adders
  A shadow imp (D:5)
  A white imp (D:5)
  3 ufetubi
  2 dart slugs
  10 orcs
  8 ball pythons
  7 endoplasms
  3 giant cockroaches
  2 goblins (D:3)
  8 hobgoblins
  4 jackals (D:1)
  3 kobolds
  6 quokkas
  6 bats
  6 frilled lizards
  4 rats (D:1)
104 creatures vanquished.

Notes
Turn   | Place    | Note
-------+----------+-------------------------------------------
     0 | D:5      | Armakuni the Human Delver began the quest for the Orb.
     0 | D:5      | Reached XP level 1. HP: 18/18 MP: 1/1
   179 | D:5      | Reached skill level 1 in Evocations
   179 | D:5      | Reached XP level 2. HP: 12/24 MP: 2/2
   238 | D:4      | Reached XP level 3. HP: 24/29 MP: 3/3
   239 | D:4      | Noticed a scorpion
   245 | D:4      | Killed a scorpion
   246 | D:4      | Reached XP level 4. HP: 32/35 MP: 4/4
   246 | D:4      | Reached XP level 5. HP: 37/41 MP: 5/5
  1060 | D:2      | Found Suocugom's Antique Weapon Shoppe.
  1119 | D:2      | Noticed Sigmund
  1124 | D:2      | Killed Sigmund
  1125 | D:2      | Reached skill level 3 in Maces & Flails
  1125 | D:2      | Reached skill level 5 in Evocations
  1125 | D:2      | Reached XP level 6. HP: 47/47 MP: 6/6
  1162 | D:1      | Reached skill level 4 in Maces & Flails
  1830 | D:3      | Found a faded altar of an unknown god.
  2294 | D:4      | Reached XP level 7. HP: 34/52 MP: 7/7
  2500 | D:4      | Reached skill level 5 in Maces & Flails
  2653 | D:4      | Found a hazy altar of Hepliaklqana.
  2701 | D:4      | Reached skill level 1 in Staves
  3240 | D:4      | Found a glowing silver altar of Zin.
  3304 | D:5      | Identified the ring of Paavoes {EV+5 Str+6}
  3597 | D:5      | Reached XP level 8. HP: 55/58 MP: 8/8
  3726 | D:5      | Reached skill level 6 in Maces & Flails
  4335 | D:6      | Reached skill level 7 in Maces & Flails
  4446 | D:6      | Noticed a troll
  4455 | D:6      | Killed a troll
  4456 | D:6      | Reached skill level 8 in Maces & Flails
  4456 | D:6      | Reached XP level 9. HP: 63/63 MP: 9/9
  4651 | D:6      | Found a staircase to the Ecumenical Temple.
  4662 | Temple   | Found a transporter.
  4662 | Temple   | Found a transporter.
  4662 | Temple   | Found a transporter.
  4662 | Temple   | Found a transporter.
  4662 | Temple   | Entered the Ecumenical Temple
  4696 | Temple   | Became a worshipper of the Shining One
  4883 | D:6      | Reached skill level 9 in Maces & Flails
  4993 | D:6      | Identified the +0 plate armour "Veguyrea" {-Tele rPois
                  | Int+5}
  4995 | D:6      | Found Foef's Antique Armour Shop.
  5133 | D:7      | The Shining One protects you from harm!
  5134 | D:7      | HP: 3/63 [orc warrior/+0 halberd (4)]
  5136 | D:7      | Mangled by an orc warrior

Illustrated notes

Levels and vault maps discovered:
D:1:      dpeg_arrival_arbitrary_a, layout_rooms
D:2:      layout_rooms, serial_shops, shop, amcnicky_mini_corridor_feature,
          uniq_sigmund
D:3:      layout_loops_ring, shapermc_ecumenical_altar_totnotflames,
          minmay_misc_feat_secret_circle, kennysheep_cluttered_room
D:4:      layout_rooms, lemuel_tele_altar, nzn_hepliaklqana_mist_gate,
          minmay_manual_mullet
D:5:      kennysheep_six_static_rooms, layout_cave_pods
D:6:      layout_loops_ring, minmay_temple_entry_stoned_glass, serial_shops,
          shop_fountains, chequers_garden
D:7:      layout_basic, roderic_serpentine_path
Temple:   hellmonk_temple_divided_pantheon

Skill      XL: |  1  2  3  4  5  6  7  8  9 |
---------------+----------------------------+-----
Evocations     | 1 2 4 5 |  5.0
Maces & Flails | 3 4 5 8 9 |  9.1
Staves         | 4 |  4.3
Fighting       | |  3.0
Dodging        | |  2.0
Stealth        | |  5.0

Action                     |  1- 3 |  4- 6 |  7- 9 || total
---------------------------+-------+-------+-------++-------
  Melee: Mace              |     3 |    10 |       ||    13
         Flail             |       |    97 |   138 ||   235
         Punch             |       |     2 |     2 ||     4
  Evoke: Wand              |     8 |     2 |     5 ||    15
    Use: Scroll            |       |     3 |     5 ||     8
         Potion            |       |       |     1 ||     1
   Stab: Sleeping          |       |     9 |     3 ||    12
 Armour: Leather armour    |     5 |    42 |       ||    47
         Ring mail         |       |    47 |   112 ||   159
         Skin              |       |       |     8 ||     8
  Dodge: Dodged            |     2 |    83 |   140 ||   225

Table legend: (Time is in decaauts)
 A = Elapsed time spent in this place.
 B = Non-inter-level travel time spent in this place.
 C = Inter-level travel time spent in this place.
 D = Time resting spent in this place.
 E = Time spent auto-exploring this place.
 F = Levels seen in this place.
 G = Mean time per level.
                   A        B        C        D        E       F      G
               +--------+--------+--------+--------+--------+-----+--------+
         Total |   5339 |   5171 |    168 |    772 |   2995 |   8 |  667.4 |
       Dungeon |   5288 |   5120 |    168 |    772 |   2995 |   7 |  755.4 |
        Temple |     50 |     50 |      0 |      0 |      0 |   1 |   50.0 |
               +--------+--------+--------+--------+--------+-----+--------+

Top non-repeatable levels by time:
     D:5: 1326 daAuts
     D:4: 1173 daAuts
     D:1: 757 daAuts
     D:3: 733 daAuts
     D:6: 670 daAuts
     D:2: 583 daAuts
  Temple: 50 daAuts
     D:7: 44 daAuts
